 Dungeon Crawl Stone Soup version 0.20.1-1-g8b1a95d66d (webtiles) character file.

32868 Gargoyl the Schismatic (level 13, -7/106 HPs)
             Began as a Centaur Abyssal Knight on Dec 6, 2017.
             Was an Elder of Lugonu.
             Killed from afar by a fire dragon (52 damage)
             ... with a blast of flame
             ... on level 6 of the Lair of Beasts.
             The game lasted 00:36:27 (18038 turns).

Gargoyl the Schismatic (Centaur Abyssal Knight)    Turns: 18038, Time: 00:36:28

Health: -7/106     AC: 18    Str: 20    XL:     13   Next: 33%
Magic:  21/21      EV: 10    Int: 13    God:    Lugonu [****..]
Gold:   932        SH: 14    Dex: 13    Spells: 12/12 levels left

rFire    . . .     SeeInvis +   m - +4 war axe (vamp)
rCold    + + .     Gourm    .   E - +4 shield {reflect}
rNeg     + . .     Faith    .   q - +0 plate armour
rPois    +         Spirit   .   (helmet restricted)
rElec    .         Reflect  +   D - +1 cloak {+Inv}
rCorr    .         Harm     .   d - +2 pair of gloves
MR       .....                  (no barding)
Stlth    ..........             j - amulet "Qosext" {rPois rC+ rN+ Regen+ Str+4}
Regen    0.7/turn               T - +6 ring of evasion
MPRegen  0.2/turn               y - ring of see invisible

@: very quick
A: beak, claws 1, hooves 3, horns 1, clever 1, cold resistance 1, deformed body,
speed 2, tough skin 3, evolution 1
a: Depart the Abyss, Bend Space, Banish, Corrupt, Renounce Religion, Evoke
Invisibility


You were on level 6 of the Lair of Beasts.
You worshipped Lugonu.
Lugonu was greatly pleased with you.
You were not hungry.

You visited 2 branches of the dungeon, and saw 15 of its levels.
You visited the Abyss 1 time.
You also visited: Ossuary and Volcano.

You collected 1119 gold pieces.
You spent 187 gold pieces at shops.

Inventory:

Hand Weapons
 m - a +4 vampiric war axe (weapon)
 n - a +6 hand axe
 u - a +2 spear of venom
 J - a +2 war axe of chopping
Missiles
 B - 4 javelins
 R - a silver javelin (quivered)
Armour
 d - a +2 pair of gloves (worn)
 q - a +0 plate armour (worn)
 w - a +0 helmet
 D - a +1 cloak of invisibility (worn)
 E - a +4 shield of reflection (worn)
Jewellery
 j - the amulet "Qosext" (around neck) {rPois rC+ rN+ Regen+ Str+4}
   (You found it on level 1 of the Lair of Beasts)

   [amulet of regeneration]

   It affects your strength (+4).
   It protects you from cold.
   It protects you from poison.
   It protects you from negative energy.
   It increases your rate of regeneration.
 y - a ring of see invisible (right hand)
 T - a +6 ring of evasion (left hand)
Wands
 k - a wand of disintegration (12/24)
 p - a wand of flame (29/48)
 v - a wand of polymorph (14/24)
 C - a wand of polymorph (13/24)
 H - a wand of iceblast (6/15)
 I - a wand of lightning (7/15)
 N - a wand of flame (25/48)
 O - a wand of confusion (34/48)
 S - a wand of confusion (16/48)
Scrolls
 e - 3 scrolls of identify
 f - 3 scrolls of amnesia
 i - 6 scrolls of remove curse
 r - a scroll of recharging
 t - 4 scrolls of teleportation
 z - 2 scrolls of fear
 Q - a scroll of blinking
Potions
 a - a potion of ambrosia {unknown}
 o - 8 potions of curing
 s - 4 potions of haste
 A - 3 potions of magic
 F - 2 potions of brilliance
 G - 2 potions of might
 K - a potion of agility {unknown}
 P - 2 potions of cancellation
Books
 L - a book of Misfortune

   Spells                             Type                      Level
   a - Confusing Touch                Hexes                        1
   b - Confuse                        Hexes                        3
   c - Gell's Gravitas                Translocation                3
   d - Petrify                        Transmutation/Earth          4
   e - Metabolic Englaciation         Hexes/Ice                    5
   f - Yara's Violent Unravelling     Hexes/Transmutation          5
 M - a book of Clouds

   Spells                             Type                      Level
   a - Poisonous Vapours              Poison/Air                   2
   b - Mephitic Cloud                 Conjuration/Poison/Air       3
   c - Conjure Flame                  Conjuration/Fire             3
   d - Freezing Cloud                 Conjuration/Ice/Air          6
   e - Ring of Flames                 Charms/Fire                  7
Comestibles
 c - 3 bread rations
 h - 5 royal jellies
 l - 15 meat rations
 x - 12 fruits


   Skills:
 + Level 7.6 Fighting
 + Level 11.3 Axes
 + Level 1.4 Throwing
 * Level 9.4 Armour
 + Level 2.0 Dodging
 + Level 6.3 Shields
 * Level 11.9 Invocations


You had 12 spell levels left.
You didn't know any spells.

Dungeon Overview and Level Annotations

Branches:
Dungeon (9/15)             Temple (0/1) D:7            Lair (6/6) D:8
 Shoals (0/4) Lair:4       Spider (0/4) Lair:2        Slime (0/5) Lair:5
    Orc: D:9-12

Altars:
Dithmenos
Elyvilon
Fedhas
Gozag
Kikubaaqudgha
Qazlal
Ru
Yredelemnul
Zin

Shops:
D:8 [(   D:9 ([


Innate Abilities, Weirdness & Mutations

You have hooves in place of feet.
Armour fits poorly on your strangely shaped body.
You cover ground very quickly.
You have extremely tough skin. (AC +3)
You have a beak for a mouth.
You have sharp fingernails.
You have a pair of small horns on your head.
Your mind is acute. (Int +2)
Your flesh is cold resistant. (rC+)
You evolve.


Message History

The fire dragon is lightly wounded.
The fire dragon breathes flames at you. The blast of flame hits you!
You slash the fire dragon!
You feel better.
You kick the fire dragon.
The fire dragon is moderately wounded.
The fire dragon bites you!
The fire dragon claws you but does no damage.
The fire dragon tramples you but does no damage.
Your plate armour prevents you from hitting the fire dragon.
You headbutt the fire dragon. Your peck misses the fire dragon.
The fire dragon is moderately wounded.
You block the fire dragon's attack. x2; The fire dragon tramples you.
You stumble backwards!
You hit the fire dragon but do no damage.
You kick the fire dragon.
You headbutt the fire dragon, but do no damage.
The fire dragon is moderately wounded.
The fire dragon breathes flames at you. The blast of flame hits you!
You die...

## #8§≈ ### #...........≈# #
.###≈§###8## ##..........≈## ##
###§§.#8#..## ≈##...##....≈≈##≈≈
###≈≈.#.....# ≈§≈≈#≈≈≈≈#..§§≈#≈≈≈
#≈≈........##≈≈≈§§≈≈≈≈§....≈≈≈#
##≈≈.........##≈######≈≈....§§§#
#≈≈..........≈≈##...$##≈≈....§≈##
#≈≈#........≈≈≈#....[$#≈§≈....§.#
##§##..........'@....[#§§≈....§##
≈§ ##..÷†.....'D....?#≈§≈...≈≈8#
#≈ #8......#≈≈#....$$#≈§§...§≈##
##....###§.##...$##≈§...§§##
#.#8#...#.≈.######≈≈#.§.§§8#
######≈..≈≈≈..≈≈§≈≈≈##..≈§##
#§≈≈#..#≈§§§###§..÷#§≈## #
≈≈≈≈§§###...≈§...#...##≈## ##
###§§##8....#≈§....#§§≈§#


You could see a fire dragon.

Vanquished Creatures
  The ghost of qepasa the Bewitcher, a journeyman FoEn of Okawaru (Lair:6)
  An ogre mage (Volcano)
  A queen ant (Lair:2)
  3 two-headed ogres (Volcano)
  An alligator (Lair:4)
  A lindwurm (Lair:6)
  Pikel (D:4)
  2 oklob plants
  3 elephants (Lair:5)
  Psyche (D:8)
  4 black mambas
  A torpor snail (Lair:6)
  2 rime drakes (Lair:6)
  6 spiny frogs
  4 komodo dragons
  2 trolls (D:9)
  Grinder (D:6)
  A polar bear (Lair:6)
  Prince Ribbit (D:8)
  4 dream sheep (Lair:6)
  5 hippogriffs
  A redback (Lair:2)
  26 yaks
  A wyvern (Lair:3)
  6 basilisks
  2 wraiths (Ossuary)
  3 steam dragons
  A hungry ghost (D:8)
  14 soldier ants
  9 water moccasins
  3 porcupines
  2 hell hounds (Lair:6)
  A black bear (D:7)
  3 phantoms
  An ice beast (D:7)
  A necrophage (D:6)
  6 wolves (Lair:2)
  2 ogres
  4 centaurs
  2 big kobolds
  7 crocodiles
  13 bullfrogs
  A wyvern skeleton (D:6)
  4 scorpions
  7 wights
  2 howler monkeys (D:9)
  4 lava snakes (Lair:6)
  A crimson imp (D:9)
  A centaur zombie (D:7)
  A quasit (D:6)
  3 orc priests
  6 orc wizards
  4 hounds
  A jelly (D:8)
  Crazy Yiuf (D:6)
  A bullfrog skeleton (D:9)
  5 iguanas
  38 worker ants
  A worker ant zombie (D:7)
  2 hound skeletons
  3 gnolls (D:3)
  10 adders
  11 river rats (D:6)
  3 shadow imps
  2 oozes
  3 adder zombies
  4 adder skeletons
  3 worms
  5 leopard geckos
  30 orcs
  10 bats
  4 giant cockroaches
  10 goblins
  3 hobgoblins
  13 jackals
  4 quokkas
  4 frilled lizards
  A hobgoblin zombie (Ossuary)
  21 kobolds
  3 kobold zombies (Ossuary)
  2 orc skeletons (Ossuary)
  An orc zombie (Ossuary)
  16 rats
  3 fungi
406 creatures vanquished.

Vanquished Creatures (others)
  The ghost of Gargoyl the Cleaver, a journeyman CeAK of Lugonu (Lair:6)
  5 hydras
  3 molten gargoyles (Lair:6)
  A hell hound (Lair:6)
  An electric eel (Lair:2)
  3 fungi
  A plant (Lair:6)
15 creatures vanquished.

Grand Total: 421 creatures vanquished

Notes
Turn   | Place    | Note
-------+----------+-------------------------------------------
     0 | Abyss:1  | Gargoyl the Centaur Abyssal Knight began the quest for the Orb.
     0 | Abyss:1  | Reached XP level 1. HP: 19/19 MP: 2/2
     7 | Abyss:2  | Noticed a deep elf sorcerer
    38 | D:1      | Escaped the Abyss
    75 | D:1      | Reached * piety under Lugonu
    78 | D:1      | Reached XP level 2. HP: 18/26 MP: 3/3
   794 | D:1      | Reached XP level 3. HP: 29/31 MP: 5/5
   979 | D:2      | Reached skill level 1 in Dodging
  1516 | D:2      | Reached ** piety under Lugonu
  1625 | D:2      | Found a stormy altar of Qazlal.
  1627 | D:2      | Noticed a fire elemental
  1628 | D:2      | Noticed an air elemental
  1628 | D:2      | Noticed a water elemental
  1628 | D:2      | Noticed an earth elemental
  1888 | D:3      | Found a shadowy altar of Dithmenos.
  2190 | D:3      | Reached XP level 4. HP: 37/38 MP: 6/6
  2434 | D:3      | Found a blossoming altar of Fedhas.
  2710 | D:3      | Reached XP level 5. HP: 26/45 MP: 7/7
  2884 | D:3      | Found a glowing silver altar of Zin.
  2884 | D:3      | Found an opulent altar of Gozag.
  3550 | D:4      | Noticed Pikel
  3550 | D:4      | Noticed a slave
  3550 | D:4      | Noticed a slave
  3584 | D:4      | Noticed a slave
  3620 | D:5      | Entered Level 5 of the Dungeon
  3754 | D:4      | Killed Pikel
  3754 | D:4      | Reached skill level 1 in Shields
  3754 | D:4      | Reached XP level 6. HP: 42/51 MP: 7/9
  3754 | D:4      | Reached XP level 7. HP: 47/57 MP: 7/10
  3817 | D:4      | Found a white marble altar of Elyvilon.
  3883 | D:4      | Got a warped rapier
  3884 | D:4      | Identified the +4 rapier of Jutohiwy {pierce, Dex+7} (You found it on level 4 of the Dungeon)
  4167 | D:5      | Found an opulent altar of Gozag.
  4239 | D:5      | Reached *** piety under Lugonu
  4601 | D:5      | Found a sacrificial altar of Ru.
  4696 | D:5      | Reached skill level 5 in Invocations
  5002 | D:5      | Reached XP level 8. HP: 49/66 MP: 10/12
  5541 | D:6      | Found a sand-covered staircase.
  5550 | Ossuary  | Entered an ossuary
  5592 | Ossuary  | Reached skill level 5 in Axes
  5783 | Ossuary  | Noticed a flying skull
  5795 | Ossuary  | Noticed a flying skull
  5942 | Ossuary  | Noticed a flying skull
  6143 | Ossuary  | Noticed a flying skull
  6557 | D:6      | Found a runed door.
  6641 | D:6      | Noticed Grinder
  6655 | D:6      | Killed Grinder
  6725 | D:6      | Reached XP level 9. HP: 72/72 MP: 13/13
  6733 | D:6      | Reached **** piety under Lugonu
  6877 | D:6      | Reached skill level 5 in Armour
  7076 | D:6      | Noticed Crazy Yiuf
  7078 | D:6      | Paralysed by Crazy Yiuf for 7 turns
  7237 | D:6      | Killed Crazy Yiuf
  7663 | D:7      | Reached ***** piety under Lugonu
  7766 | D:7      | Found a staircase to the Ecumenical Temple.
  8319 | D:7      | Reached skill level 1 in Throwing
  8432 | D:8      | Found Puar's Antique Armour Emporium.
  8546 | D:8      | Found an ancient bone altar of Kikubaaqudgha.
  8690 | D:8      | Found Banlomel's Gadget Emporium.
  8699 | D:8      | Noticed a two-headed ogre
  8711 | D:8      | HP: 1/73 [two-headed ogre/giant spiked club (12)]
  9130 | D:8      | Noticed Prince Ribbit
  9151 | D:8      | Killed Prince Ribbit
  9151 | D:8      | Reached skill level 5 in Fighting
  9151 | D:8      | Reached XP level 10. HP: 60/81 MP: 15/15
  9302 | D:8      | Noticed Psyche
  9321 | D:8      | Killed Psyche
  9691 | D:8      | Found Durouli's Antique Weapon Emporium.
  9726 | D:8      | Found a staircase to the Lair.
  9965 | D:8      | Found a basalt altar of Yredelemnul.
 10574 | D:9      | Found Keirph's Weapon Shoppe.
 10739 | D:9      | Gained mutation: You are weak. (Str -2) [potion of mutation]
 10739 | D:9      | Gained mutation: Your flesh is cold resistant. (rC+) [potion of mutation]
 10740 | D:9      | Lost mutation: You are weak. (Str -2) [potion of mutation]
 10740 | D:9      | Gained mutation: You evolve. [potion of mutation]
 10740 | D:9      | Gained mutation: You have a beak for a mouth. [potion of mutation]
 10740 | D:9      | Gained mutation: You have a pair of small horns on your head. [potion of mutation]
 10740 | D:9      | Gained mutation: You have sharp fingernails. [potion of mutation]
 10863 | D:9      | Found Cytowkel's Antique Armour Emporium.
 10866 | D:9      | Bought a shiny shield for 187 gold pieces
 11400 | Lair:1   | Entered Level 1 of the Lair of Beasts
 11642 | Lair:1   | Noticed a black mamba
 11649 | Lair:1   | Killed a black mamba
 11683 | Lair:1   | Got a shimmering pewter amulet
 11704 | Lair:1   | Identified the amulet "Qosext" {rPois rC+ rN+ Regen+ Str+4} (You found it on level 1 of the Lair of Beasts)
 12079 | Lair:2   | Reached XP level 11. HP: 88/88 MP: 17/17
 12444 | Lair:2   | Found a hole to the Spider Nest.
 12500 | Lair:2   | Noticed a queen ant
 12513 | Lair:2   | Killed a queen ant
 13466 | Lair:3   | Reached ****** piety under Lugonu
 13552 | Lair:3   | Gained mutation: Your mind is acute. (Int +2) [evolution]
 13800 | Lair:3   | Reached skill level 10 in Axes
 13800 | Lair:3   | Reached skill level 5 in Shields
 13983 | Lair:4   | Found a staircase to the Shoals.
 14500 | Lair:4   | Noticed an alligator
 14509 | Lair:4   | Killed an alligator
 14659 | Lair:4   | Reached XP level 12. HP: 97/97 MP: 19/19
 15013 | Lair:5   | Noticed an eight-headed hydra
 15020 | Lair:5   | Banished an eight-headed hydra
 15134 | Lair:5   | Noticed an eight-headed hydra
 15136 | Lair:5   | Banished an eight-headed hydra
 15248 | Lair:5   | Found a staircase to the Slime Pits.
 15284 | Lair:5   | Noticed a seven-headed hydra
 15294 | Lair:5   | Banished a seven-headed hydra
 15294 | Lair:5   | Reached skill level 10 in Invocations
 15895 | Lair:6   | Entered Level 6 of the Lair of Beasts
 15910 | Lair:6   | Noticed qepasa's ghost (journeyman FoEn)
 15964 | Lair:6   | Killed qepasa's ghost
 16098 | Lair:6   | Noticed a six-headed hydra
 16102 | Lair:6   | Banished a six-headed hydra
 16193 | Lair:6   | Found a dark tunnel.
 16202 | Volcano  | Entered a volcano
 16229 | Volcano  | Noticed a two-headed ogre
 16242 | Volcano  | Killed a two-headed ogre
 16333 | Volcano  | Noticed a two-headed ogre
 16334 | Volcano  | Noticed an ogre mage
 16334 | Volcano  | Noticed a two-headed ogre
 16342 | Volcano  | Killed a two-headed ogre
 16345 | Volcano  | HP: 3/100 [two-headed ogre/giant club of flaming (4)]
 16345 | Volcano  | HP: 1/100 [two-headed ogre/giant club of flaming (2)]
 16351 | Volcano  | Killed a two-headed ogre
 16361 | Volcano  | Killed an ogre mage
 16851 | Lair:6   | Reached XP level 13. HP: 105/105 MP: 21/21
 17045 | Lair:6   | Found a large runed door.
 17275 | Lair:6   | Noticed Gargoyl's ghost (journeyman CeAK)
 17438 | Lair:6   | Banished Gargoyl's ghost
 17541 | Lair:6   | Noticed a fire dragon
 17563 | Lair:6   | Found a large runed door.
 18038 | Lair:6   | Killed from afar by a fire dragon

Skill      XL: |  1  2  3  4  5  6  7  8  9 10 11 12 |
---------------+-------------------------------------+-----
Axes           | 2 4 5 7 8 10 11 | 11.3
Dodging        | 1 2 |  2.0
Invocations    | 3 4 5 6 7 8 9 11 | 11.9
Armour         | 2 3 4 5 7 8 9 |  9.4
Shields        | 1 2 3 4 5 6 |  6.3
Fighting       | 4 5 6 7 |  7.6
Throwing       | 1 |  1.4

Action                   |  1- 3 |  4- 6 |  7- 9 | 10-12 | 13-15 || total
-------------------------+-------+-------+-------+-------+-------++-------
Melee: Hand axe          |   104 |   131 |       |       |       ||   235
       Kick              |    18 |    27 |   117 |   225 |    58 ||   445
       War axe           |       |    11 |   547 |   734 |   171 ||  1463
       Unarmed           |       |       |     9 |       |       ||     9
       Peck              |       |       |       |   130 |    29 ||   159
       Headbutt          |       |       |       |   133 |    40 ||   173
Throw: Javelin           |       |       |    20 |     6 |       ||    26
Invok: Depart the Abyss  |     1 |       |       |       |       ||     1
       Banish            |       |       |       |    11 |    11 ||    22
       Bend Space        |       |       |       |       |     1 ||     1
  Use: Scroll            |     5 |     4 |    18 |    12 |     1 ||    40
       Potion            |       |     5 |       |     6 |     2 ||    13
  Eat: Chunk             |     3 |     4 |    12 |    21 |     3 ||    43
       Meat ration       |       |     1 |       |       |       ||     1
       Bread ration      |       |       |     2 |     1 |     1 ||     4
Armor: Leather armour    |    48 |       |       |       |       ||    48
       Ring mail         |    31 |    23 |       |       |       ||    54
       Chain mail        |       |    78 |    90 |       |       ||   168
       Skin              |       |     2 |     2 |       |       ||     4
       Plate armour      |       |       |   348 |   577 |    85 ||  1010
Dodge: Dodged            |    48 |    19 |    30 |   108 |    50 ||   255
Block: Shield            |    18 |    51 |   276 |   551 |   106 ||  1002
       Reflection        |       |       |       |     5 |     1 ||     6
